 Dungeon Crawl Stone Soup version 0.13.1-23-gc5ac171 (webtiles) character file.

2155 Nicoed the Slasher (level 8, -2/65 (70) HPs)
             Began as a Minotaur Berserker on Jan 11, 2014.
             Was a Follower of Okawaru.
             Killed from afar by an electric eel (12 damage)
             ... with a bolt of electricity
             ... on Level 6 of the Dungeon.
             The game lasted 00:24:25 (6184 turns).

Nicoed the Slasher (Minotaur Berserker)             Turns: 6184, Time: 00:24:25

HP  -2/65 (70)   AC 10     Str 20 (23) XL: 8   Next: 90%
MP   2/2         EV  6     Int  4      God: Okawaru [*.....]
Gold 289         SH  6     Dex 11      Spells:  0 memorised,  7 levels left

Res.Fire  : . . .   See Invis. : .   d - -1 orc falchion
Res.Cold  : . . .   Warding    : .   s - +0 chain mail
Life Prot.: + . .   Conserve   : .   q - +0 elf buckler
Res.Poison: .       Res.Corr.  : .   (helmet restricted)
Res.Elec. : .       Clarity    : .   (no cloak)
Sust.Abil.: . .     Spirit.Shd : .   (no gloves)
Res.Mut.  : .       Stasis     : .   (no boots)
Res.Rott. : .       Flight     : .   k - amulet of rage
Saprovore : . . .                    (no ring)
                                     b - ring of positive energy

@: slightly resistant to hostile enchantments, extremely unstealthy
A: retaliatory headbutt, horns 2
a: Heroism, Renounce Religion, Evoke Berserk Rage


You were on level 6 of the Dungeon.
You worshipped Okawaru.
Okawaru was aware of your devotion.
You were hungry.

You visited 1 branch of the dungeon, and saw 6 of its levels.

You collected 290 gold pieces.
You donated 21 gold pieces.

Inventory:

Hand weapons
 d - a -1,-1 orcish falchion (weapon)
Armour
 q - a +0 elven buckler (worn)
 s - a +0 chain mail (worn)
 v - a +0 chain mail
 x - a +1 orcish ring mail
Magical devices
 g - a wand of teleportation (4)
 i - a wand of disintegration (7)
Comestibles
 j - a meat ration
Scrolls
 a - 2 scrolls of curse armour {unknown}
 c - a scroll of noise
 h - 3 scrolls of fear
 n - a scroll of curse weapon {unknown}
 o - a scroll of random uselessness {unknown}
 p - a scroll of identify
 t - 3 scrolls of teleportation
 w - a scroll of remove curse
Jewellery
 b - a ring of positive energy (left hand)
 k - an amulet of rage (around neck)
 u - an uncursed amulet of resist mutation
Potions
 e - a potion of restore abilities
 f - a potion of curing
 l - a potion of flight
 m - a potion of heal wounds
 r - a potion of paralysis {unknown}


   Skills:
 + Level 7.7 Fighting
 + Level 7.8 Long Blades
 + Level 7.1 Armour
 + Level 6.9 Dodging


You had 7 spell levels left.
You didn't know any spells.

Dungeon Overview and Level Annotations

Branches:
Dungeon (6/27)
 Temple: D:4-7          Orc: D:6-11

Altars:
Okawaru
Sif Muna
Trog
Xom
Zin
the Shining One

Shops:
D:4 [

Annotations:
D:6 2


Innate Abilities, Weirdness & Mutations

You reflexively headbutt those who attack you in melee.
You have a pair of horns on your head.


Message History

The electric eel is moderately wounded.
Your chain mail prevents you from hitting the electric eel.
The electric eel is moderately wounded.
The electric eel shoots out a bolt of electricity!
The bolt of electricity hits you!
You hit the electric eel. Your headbutt misses the electric eel.
The electric eel is heavily wounded.
The electric eel shoots out a bolt of electricity!
The bolt of electricity hits you!
* * * LOW HITPOINT WARNING * * *
Unknown command.
You feel much better.
The electric eel shoots out a bolt of electricity!
The bolt of electricity hits you!
* * * LOW HITPOINT WARNING * * *
You closely miss the electric eel. You headbutt the electric eel.
The electric eel is severely wounded.
The electric eel shoots out a bolt of electricity!
The bolt of electricity hits you!
You die...

.................................
.....<...........................
.................................
.................................
.....#########...################
.....# #...# .....# #...# .....#
#...# .....# #..@# .....≈
≈≈≈≈≈J...;J≈≈≈≈≈≈ .....≈≈
≈≈≈≈≈...J≈≈≈≈≈≈ ....
≈≈≈≈≈...≈≈≈≈≈≈≈ ≈≈≈≈≈...≈≈≈≈≈≈≈ ≈
≈≈≈≈...≈≈≈≈≈≈ ≈≈≈≈# ≈≈≈...≈≈≈≈≈
≈≈≈≈≈# ≈≈...≈≈≈≈ ≈≈≈≈≈≈# .≈≈ ..≈
≈≈≈≈≈≈≈#


You could see 3 jellyfish and an electric eel.

Vanquished Creatures
  Grinder (D:4)
  A necrophage (D:5)
  3 ice beasts
  A sky beast (D:5)
  2 ogres
  Blork the orc (D:6)
  A giant frog (D:6)
  6 killer bees (D:5)
  A jellyfish (D:6)
  2 crimson imps
  2 jellies (D:6)
  A big fish (D:6)
  A hound (D:3)
  An orc priest (D:4)
  A worker ant (D:5)
  2 orc wizards (D:4)
  4 gnolls (D:3)
  9 adders
  An inept item mimic (D:5)
  3 worms
  An iguana skeleton (D:5)
  5 giant geckos
  12 orcs
  3 giant cockroaches
  7 goblins
  9 hobgoblins
  3 quokkas
  A ball python (D:3)
  10 bats
  3 giant newts
  2 goblin skeletons
  A hobgoblin skeleton (D:4)
  12 jackals
  9 kobolds
  An orc skeleton (D:5)
  9 rats
132 creatures vanquished.

Notes
Turn   | Place    | Note
--------------------------------------------------------------
     0 | D:1      | Nicoed, the Minotaur Berserker, began the quest for the Orb.
     0 | D:1      | Reached XP level 1. HP: 19/19 MP: 0/0
    76 | D:1      | Reached XP level 2. HP: 8/26 MP: 0/0
    87 | D:1      | Acquired Trog's second power
   336 | D:1      | HP: 1/39 [jackal (1)]
   627 | D:1      | Reached skill level 4 in Long Blades
   847 | D:1      | Reached XP level 3. HP: 33/33 MP: 1/1
  1516 | D:2      | Reached XP level 4. HP: 29/40 MP: 1/1
  1722 | D:3      | Noticed an angel
  1723 | D:3      | Found a shimmering altar of Xom.
  1723 | D:3      | Found a glowing silver altar of Zin.
  1747 | D:3      | Fell from the grace of Trog
  1747 | D:3      | Became a worshipper of Zin the Law-Giver
  1747 | D:3      | Acquired Zin's first power
  2339 | D:3      | Reached XP level 5. HP: 31/47 MP: 1/1
  2708 | D:4      | Acquired Zin's second power
  3132 | D:4      | Reached skill level 5 in Fighting
  3132 | D:4      | Reached skill level 5 in Long Blades
  3144 | D:4      | Reached XP level 6. HP: 50/53 MP: 2/2
  3193 | D:4      | Noticed Grinder
  3193 | D:4      | Paralysed by Grinder for 7 turns
  3219 | D:4      | Killed Grinder
  3490 | D:4      | Found Nohoukof's Armour Boutique.
  3491 | D:4      | Reached XP level 7. HP: 60/60 MP: 2/2
  3763 | D:5      | Entered Level 5 of the Dungeon
  3809 | D:5      | Reached skill level 6 in Long Blades
  3809 | D:5      | Reached skill level 5 in Armour
  3809 | D:5      | Reached skill level 5 in Dodging
  3812 | D:5      | Found a glowing golden altar of the Shining One.
  3813 | D:5      | Found an iron altar of Okawaru.
  3825 | D:5      | Fell from the grace of Zin
  3825 | D:5      | Became a worshipper of Warmaster Okawaru
  4021 | D:5      | Found a deep blue altar of Sif Muna.
  4032 | D:5      | Acquired Okawaru's first power
  4506 | D:5      | Reached XP level 8. HP: 64/64 MP: 2/2
  4654 | D:5      | Reached skill level 7 in Long Blades
  5504 | D:6      | Noticed Blork the orc
  5524 | D:6      | Killed Blork the orc
  5895 | D:6      | Found a bloodstained altar of Trog.
  6184 | D:6      | Killed from afar by an electric eel

Action                   |  1- 3 |  4- 6 |  7- 9 || total
-------------------------+-------+-------+-------++-------
Melee: Falchion          |    75 |   127 |   223 ||   425
Invok: Berserk           |     2 |       |       ||     2
       Vitalisation      |       |     1 |       ||     1
       Heroism           |       |       |     2 ||     2
 Abil: Evoke Berserk Rag |       |     3 |     4 ||     7
Evoke: Wand              |       |     1 |     4 ||     5
  Use: Scroll            |       |    15 |       ||    15
       Potion            |       |     1 |     7 ||     8
